 Dungeon Crawl Stone Soup version 0.20-a0-871-g785f14b (webtiles) character file.

336 Dfrag the Firebug (level 6, 0/49 HPs)
             Began as a Naga Fire Elementalist on Mar 14, 2017.
             Slain by weedlayer's ghost (10 damage)
             ... on level 3 of the Dungeon.
             The game lasted 00:06:16 (3341 turns).

Dfrag the Firebug (Naga Fire Elementalist)          Turns: 3341, Time: 00:06:17

Health: 0/49       AC:  3    Str: 11    XL:     6   Next: 54%
Magic:  1/11       EV: 10    Int: 17    God:
Gold:   189        SH:  0    Dex: 11    Spells: 4/12 levels left

rFire    . . .     SeeInvis +   f - +0 spear (pierce)
rCold    . . .     Gourm    .   a - +0 robe
rNeg     . . .     Faith    .   (no shield)
rPois    +         Spirit   .   (no helmet)
rElec    .         Reflect  .   (no cloak)
rCorr    .         Harm     .   (no gloves)
MR       .....                  (no barding)
Stlth    ++........             (no amulet)
Regen    0.2/turn               (no ring)
MPRegen  0.2/turn               (no ring)

@: very slow
A: see invisible, deformed body, poison resistance, slowness 2, slow metabolism
1, spit poison 1, AC +2
a: Spit Poison


You were on level 3 of the Dungeon.
You were not hungry.

You visited 1 branch of the dungeon, and saw 4 of its levels.

You collected 189 gold pieces.

Inventory:

Hand Weapons
 f - a +0 spear of piercing (weapon)
Armour
 a - a +0 robe (worn)
Scrolls
 e - 4 scrolls of identify {unknown}
 i - a scroll of teleportation {unknown}
 j - 2 scrolls of blinking {unknown}
 k - 2 scrolls of random uselessness {unknown}
 l - a scroll of enchant weapon {unknown}
 n - a scroll of recharging {unknown}
 o - a scroll of enchant armour {unknown}
Potions
 d - a potion of curing
 h - a potion of berserk rage {unknown}
 p - 2 potions of agility {unknown}
Books
 b - a book of Flames

   Spells                             Type                      Level
   a - Flame Tongue                   Conjuration/Fire             1
   b - Throw Flame                    Conjuration/Fire             2
   c - Conjure Flame                  Conjuration/Fire             3
   d - Inner Flame                    Hexes/Fire                   3
   e - Sticky Flame                   Conjuration/Fire             4
   f - Fireball                       Conjuration/Fire             5
Comestibles
 c - 3 bread rations
 g - 4 meat rations
 m - a royal jelly
 q - a chunk of flesh


   Skills:
 - Level 1.5 Dodging
 - Level 3.0 Stealth
 + Level 3.7 Spellcasting
 + Level 3.8 Conjurations
 + Level 4.8 Fire Magic


You had 4 spell levels left.
You knew the following spells:

 Your Spells              Type           Power        Failure   Level  Hunger
a - Flame Tongue          Conj/Fire      ###..        2%          1    None
b - Conjure Flame         Conj/Fire      ###.....     10%         3    ###....
c - Sticky Flame          Conj/Fire      ###.....     30%         4    ####...


Dungeon Overview and Level Annotations

Branches:
Dungeon (4/15)
 Temple: D:4-7

Altars:
Ashenzari
Dithmenos
Gozag
Xom

Annotations:
D:3 weedlayer's ghost, amateur DrTm


Innate Abilities, Weirdness & Mutations

You cannot wear boots.
Your serpentine skin is tough. (AC +2)
You have supernaturally acute eyesight. (SInv)
Armour fits poorly on your strangely shaped body.
Your system is resistant to poisons. (rPois)
You cover ground very slowly.
You have a slow metabolism.
You can spit poison.


Message History

Aiming: Flame Tongue
Press: ? - help, Shift-Dir - straight line, f/p - weedlayer's ghost
Aim: weedlayer's ghost (severely damaged)
The flame tongue misses weedlayer's ghost.
Weedlayer's ghost hits you!
* * * LOW HITPOINT WARNING * * *
Casting: Flame Tongue
Confirm with . or Enter, or press ? or * to list all spells.
You don't have enough magic to cast that spell.
Unknown command.
You closely miss weedlayer's ghost.
Weedlayer's ghost is severely damaged.
Weedlayer's ghost closely misses you.
You closely miss weedlayer's ghost.
Weedlayer's ghost is severely damaged.
Weedlayer's ghost closely misses you.
You barely miss weedlayer's ghost.
Weedlayer's ghost is severely damaged.
Weedlayer's ghost hits you!
You die...

...... ...... ..........
...... ........ ......
....... ...... .....###
...... .......##. ......
#......... .#####.......
#W....... .. .........
+@....... #.......#
#.....#### ##.......#
#........) .......†.#
#......## #
.........####.###.## ##
#...)........##..........
##≈
+........................
##.#
#............##..........
##.≈
#............##..........
##≈#


You could see weedlayer's ghost.

Vanquished Creatures
  A bullfrog skeleton (D:4)
  A centaur skeleton (D:4)
  2 orc priests (D:3)
  An orc wizard (D:4)
  An iguana (D:4)
  4 gnolls (D:2)
  3 adders (D:2)
  An adder skeleton (D:4)
  2 worms
  3 dart slugs
  5 leopard geckos
  7 orcs
  4 giant cockroaches
  9 goblins
  4 hobgoblins (D:2)
  8 jackals
  A kobold (D:1)
  A quokka (D:3)
  11 bats
  4 frilled lizards
  9 rats
82 creatures vanquished.

Notes
Turn   | Place    | Note
-------+----------+-------------------------------------------
     0 | D:1      | Dfrag the Naga Fire Elementalist began the quest for the Orb.
     0 | D:1      | Reached XP level 1. HP: 15/15 MP: 3/3
   103 | D:1      | Reached XP level 2. HP: 17/22 MP: 5/5
   780 | D:2      | HP: 1/22 [worm (7)]
   781 | D:2      | Reached XP level 3. HP: 2/28 MP: 1/6
   980 | D:2      | Reached XP level 4. HP: 29/36 MP: 2/8
  1024 | D:2      | Found a shattered altar of Ashenzari.
  1175 | D:2      | Reached skill level 4 in Fire Magic
  1628 | D:3      | Reached XP level 5. HP: 18/42 MP: 2/9
  1659 | D:3      | Noticed weedlayer's ghost (amateur DrTm)
  2255 | D:3      | Found a shimmering altar of Xom.
  2520 | D:4      | Reached XP level 6. HP: 24/49 MP: 5/11
  2525 | D:4      | Learned a level 3 spell: Conjure Flame
  2530 | D:4      | Learned a level 4 spell: Sticky Flame
  2643 | D:4      | Found a shadowy altar of Dithmenos.
  2969 | D:3      | Found an opulent altar of Gozag.
  3341 | D:3      | Slain by weedlayer's ghost

Vault maps used:
D:1:      lightli_arrival_statuegarden
D:2:      wad_pebble_path, ashenzari_conservatory_becter, serial_forest,
          infiniplex_forest_zigzag_2, infiniplex_forest_straight_2,
          infiniplex_forest_lined_room_2, infiniplex_forest_lined_3_way,
          infiniplex_forest_end_double, infiniplex_forest_fountain,
          infiniplex_forest_straight_1, infiniplex_forest_clump_large
D:3:      bloody_trog, tgw_xom, grunt_gozag_breadcrumbs, saegor_snake_ambush
D:4:      nicolae_overflow_hidden_temple

Skill      XL: |  1  2  3  4  5 |
---------------+----------------+-----
Conjurations   | 2 3 |  3.8
Fire Magic     | 4 |  4.8
Spellcasting   | 3 |  3.7
Dodging        | |  1.5
Stealth        | |  3.0

Action                   |  1- 3 |  4- 6 || total
-------------------------+-------+-------++-------
Melee: Spear             |    11 |    49 ||    60
       Unarmed           |     1 |       ||     1
 Cast: Flame Tongue      |    26 |   101 ||   127
       Sticky Flame      |       |     3 ||     3
 Abil: Spit Poison       |    12 |    15 ||    27
  Use: Potion            |       |     1 ||     1
 Stab: Sleeping          |     2 |     2 ||     4
  Eat: Chunk             |       |     8 ||     8
Armor: Robe              |     3 |    25 ||    28
Dodge: Dodged            |    13 |    75 ||    88
